 Dungeon Crawl Stone Soup version 0.26.1-10-gdfb7c7de75 (webtiles) character file.

Game seed: 1908241024800313280

3901 DearestLeader the Covert (level 10, -3/44 HPs)
             Began as a Spriggan Enchanter on Apr 1, 2021.
             Was a Follower of Dithmenos.
             Slain by a ten-headed hydra (5 damage)
             ... on level 8 of the Dungeon on Apr 2, 2021.
             The game lasted 00:24:32 (10648 turns).

DearestLeader the Covert (Spriggan Enchanter)      Turns: 10648, Time: 00:24:33

Health: -3/44      AC:  5    Str:  4    XL:     10   Next: 0%
Magic:  15/15      EV: 22    Int: 19    God:    Dithmenos [*.....]
Gold:   493        SH:  0    Dex: 18    Spells: 5/14 levels left

rFire    . . .     SeeInvis +   h - +2 dagger (flame)
rCold    + . .     Faith    .   (shield restricted)
rNeg     . . .     Spirit   .   E - +2 robe {rC+}
rPois    .         Reflect  .   (helmet restricted)
rElec    .         Harm     .   C - +0 cloak
rCorr    .         Rampage  .   (gloves unavailable)
Will     ++...                  (boots unavailable)
Stlth    ++++++....             e - amulet of the acrobat
HPRegen  0.14/turn              d - ring of willpower
MPRegen  0.14/turn              (no ring)

@: wreathed by umbra, very quick
A: very small, unfitting armour, see invisible, speed 3
a: Renounce Religion


You were on level 8 of the Dungeon.
You worshipped Dithmenos.
Dithmenos was aware of your devotion.
You visited 2 branches of the dungeon, and saw 9 of its levels.

You collected 493 gold pieces.

Inventory:

Hand Weapons
 a - a +1 dagger
 h - a +2 dagger of flaming (weapon)
 l - a +1 dagger of venom
Missiles
 o - 30 poisoned darts (quivered)
 G - 8 sling bullets
Armour
 C - a +0 cloak (worn)
 E - a +2 robe of cold resistance (worn)
Jewellery
 c - an uncursed ring of teleportation
 d - a ring of willpower (left hand)
 e - an amulet of the acrobat (around neck)
 u - an uncursed amulet of regeneration
Wands
 x - a wand of enslavement (11)
 B - a wand of paralysis (11)
Scrolls
 f - 6 scrolls of enchant armour
 p - 4 scrolls of remove curse
 q - a scroll of fog
 r - a scroll of immolation {unknown}
 s - a scroll of fear {unknown}
 t - 3 scrolls of teleportation
 v - a scroll of holy word {unknown}
 y - a scroll of noise {unknown}
 F - a scroll of amnesia {unknown}
Potions
 b - a potion of heal wounds {unknown}
 g - a potion of berserk rage
 i - a potion of haste
 j - 2 potions of curing {unknown}
 k - 4 potions of mutation
 m - 3 potions of might
 n - 3 potions of brilliance {unknown}
 w - a potion of attraction {unknown}
 z - 2 potions of invisibility {unknown}
 A - a potion of resistance {unknown}
 D - a potion of ambrosia {unknown}
 H - 2 potions of degeneration {unknown}


   Skills:
 - Level 10.0 Short Blades
 + Level 6.7 Dodging
 + Level 12.3 Stealth
 - Level 2.6 Spellcasting
 + Level 9.2 Hexes


You had 5 spell levels left.
You knew the following spells:

 Your Spells              Type           Power        Failure   Level
a - Corona                Hex            41%          1%          1
b - Ensorcelled Hibernat  Hex/Ice        40%          3%          2
c - Confusing Touch       Hex            37%          1%          3
d - Tukima's Dance        Hex            37%          1%          3

Your spell library contained the following spells:

 Spells                   Type           Power        Failure   Level
 Dazzling Flash           Conj/Hex       40%          7%          3
 Inner Flame              Hex/Fire       20%          7%          3
 Foxfire                  Conj/Fire      8%           16%         1
 Conjure Flame            Conj/Fire      2%           43%         3
 Sticky Flame             Conj/Fire      2%           83%         4
 Fireball                 Conj/Fire      1%           99%         5


Dungeon Overview and Level Annotations

Branches:
Dungeon (8/15)             Temple (1/1) D:7
   Lair: D:8-11

Altars:
Ashenzari
Cheibriados
Dithmenos
Elyvilon
Fedhas
Gozag
Hepliaklqana
Kikubaaqudgha
Makhleb
Nemelex Xobeh
Okawaru
Qazlal
Ru
Sif Muna
Trog
Wu Jian
Xom
Yredelemnul
Zin
The Shining One

Annotations:
D:8 Linguinho's ghost, novice GrFi


Innate Abilities, Weirdness & Mutations

You are very small and have problems with some larger weapons.
You are too small for most types of armour.
You have supernaturally acute eyesight. (SInv)
You cover ground extremely quickly.


Message History

Found a potion of lignification.
k - 4 potions of mutation (gained 1)
You see here a potion of lignification.
Found a runed translucent gate.
Found a runed translucent gate.
No reachable target in view!
Found 16 gold pieces and a masterwork lajatang.
Found 6 stones.
Found 17 poisoned darts.
H - 2 bubbling blue potions You open the gate.
Linguinho's ghost turns its malevolent gaze towards you.
The ten-headed hydra roars!
You hit the ten-headed hydra. You burn the ten-headed hydra.
The ten-headed hydra is lightly wounded.
The ten-headed hydra closely misses you. x2
The ten-headed hydra barely misses you. The ten-headed hydra bites you! x3
* * * LOW HITPOINT WARNING * * *
The ten-headed hydra barely misses you. The ten-headed hydra bites you.
You die...

#.#...####### ### #.#>.. #.##)##
#≈♣≈## #.#.## #. #[# ##♣...(##
#.#.## #. #.# #≈...(..# #.#.## #.
#.# #≈..)...# #.#.##
#.##.#########♣.....≈#######.#[##
.............##.W...##...........
#.####>####.####D''##############
#......# #.##..@....# # ########
#.#####.#.## # #.# #$..# #
###########.# ###.# #
............#######.# #####
....................# ##...#
##########..######### #.###.
#..........########.#...
##.#######..............


You could see a ten-headed hydra and Linguinho's ghost.

Vanquished Creatures
  Pikel (D:8)
  Maurice (D:8)
  A hornet (D:7)
  Grinder (D:5)
  Eustachio (D:6)
  3 orc warriors
  A phantom (D:6)
  A sky beast (D:7)
  A necrophage (D:5)
  3 ogres
  4 centaurs
  4 bullfrogs
  2 lemures (D:8)
  2 scorpions (D:4)
  A water moccasin skeleton (D:2)
  A howler monkey (D:7)
  A crimson imp (D:8)
  A jelly (D:5)
  5 orc wizards
  2 hounds
  2 centaur skeletons (D:4)
  2 bullfrog skeletons
  5 orc priests
  Natasha (D:4)
  An iguana (D:5)
  4 worker ants
  A hound zombie (D:5)
  A hound skeleton (D:4)
  4 gnolls (D:4)
  9 adders
  2 shadow imps
  3 white imps
  3 ufetubi
  2 adder zombies (D:6)
  4 adder skeletons
  3 worms
  A dart slug (D:1)
  3 leopard geckos
  27 orcs
  5 giant cockroaches
  9 goblins
  6 hobgoblins
  6 jackals
  7 kobolds
  2 quokkas (D:7)
  3 ball pythons
  8 bats
  5 frilled lizards
  A leopard gecko skeleton (D:4)
  2 quokka skeletons
  A quokka zombie (D:5)
  4 rats
174 creatures vanquished.

Vanquished Creatures (collateral kills)
  An orc wizard (D:4)
  7 orcs
8 creatures vanquished.

Vanquished Creatures (others)
  3 dancing weapons
3 creatures vanquished.

Grand Total: 185 creatures vanquished

Notes
Turn   | Place    | Note
-------+----------+-------------------------------------------
     0 | D:1      | DearestLeader the Spriggan Enchanter began the quest for
                  | the Orb.
     0 | D:1      | Reached XP level 1. HP: 9/9 MP: 5/5
   304 | D:1      | Reached XP level 2. HP: 8/13 MP: 3/6
   311 | D:1      | Learned a level 2 spell: Ensorcelled Hibernation
   981 | D:1      | Reached skill level 5 in Stealth
  1176 | D:1      | Reached XP level 3. HP: 16/16 MP: 8/8
  1318 | D:2      | Reached XP level 4. HP: 21/21 MP: 9/9
  1602 | D:2      | Noticed a bullfrog
  1604 | D:2      | Killed a bullfrog
  1605 | D:2      | Reached skill level 6 in Stealth
  1605 | D:2      | Reached XP level 5. HP: 24/24 MP: 10/10
  2489 | D:3      | Found an ornate altar of the Wu Jian Council.
  2999 | D:4      | Reached skill level 5 in Short Blades
  3116 | D:3      | Learned a level 3 spell: Confusing Touch
  3120 | D:3      | Learned a level 3 spell: Tukima's Dance
  3143 | D:4      | Reached XP level 6. HP: 18/28 MP: 3/11
  3309 | D:4      | Reached skill level 7 in Stealth
  3994 | D:4      | Reached XP level 7. HP: 32/32 MP: 7/12
  4291 | D:4      | Reached skill level 5 in Hexes
  4587 | D:4      | Reached skill level 8 in Stealth
  4903 | D:4      | Found a glowing golden altar of the Shining One.
  5039 | D:4      | Noticed Natasha
  5046 | D:4      | Killed Natasha
  5129 | D:5      | Entered Level 5 of the Dungeon
  5972 | D:5      | Noticed Grinder
  5987 | D:5      | Killed Grinder
  5988 | D:5      | Reached skill level 9 in Stealth
  5988 | D:5      | Reached XP level 8. HP: 23/36 MP: 9/13
  7409 | D:6      | Reached skill level 10 in Stealth
  7436 | D:6      | Noticed Eustachio
  7458 | D:6      | Killed Eustachio
  7810 | D:7      | Noticed a hornet
  7813 | D:7      | Killed a hornet
  7814 | D:7      | Reached XP level 9. HP: 39/39 MP: 14/14
  8155 | D:7      | Reached skill level 10 in Short Blades
  8302 | D:7      | Found a staircase to the Ecumenical Temple.
  8368 | Temple   | Entered the Ecumenical Temple
  8417 | Temple   | Became a worshipper of Dithmenos the Shadowed
  8883 | D:7      | Reached skill level 11 in Stealth
  9642 | D:8      | Noticed Maurice
  9648 | D:8      | Killed Maurice
  9649 | D:8      | Reached skill level 5 in Dodging
  9942 | D:8      | Noticed Pikel
 10004 | D:8      | Killed Pikel
 10005 | D:8      | Reached skill level 12 in Stealth
 10333 | D:8      | Reached * piety under Dithmenos
 10365 | D:8      | Reached XP level 10. HP: 38/44 MP: 1/15
 10637 | D:8      | Found a runed translucent gate.
 10638 | D:8      | Found a runed translucent gate.
 10638 | D:8      | Noticed a ten-headed hydra
 10639 | D:8      | Noticed Linguinho's ghost (novice GrFi)
 10640 | D:8      | Found a runed translucent gate.
 10648 | D:8      | HP: 2/44 [ten-headed hydra (12)]
 10648 | D:8      | Slain by a ten-headed hydra

Illustrated notes

Levels and vault maps discovered:
D:1:      dpeg_arrival_fog, layout_basic, grunt_decor_junction,
          minmay_split_cup_small
D:2:      layout_loops_ring, minmay_tetromino_s4
D:3:      layout_basic, amcnicky_altar_gilded
D:4:      layout_basic, kennysheep_mini, minmay_fountain_box, moated_statue,
          minmay_splitting_lines, minmay_divided_ellipse, uniq_natasha
D:5:      layout_loops_ring, serial_co_window_serial, co_window_paths_b,
          co_window_of_opportunity_a, co_window_paths_a,
          co_window_of_opportunity_a, co_window_of_opportunity_a,
          co_window_2corner, co_window_broadway_b, co_window_corner_b,
          co_window_2corner, co_window_unsneaky_path_a, co_window_4corner_b,
          glass_columns_b, uniq_grinder
D:6:      minmay_razor_zed, layout_basic, zaba_anthole, uniq_eustachio
D:7:      layout_basic, temple_statues
D:8:      layout_loops_ring, gammafunk_ghost_hydra_chop, minmay_fire_ice_demons,
          uniq_maurice, uniq_pikel
Temple:   compressed_dpeg_triangle_lava_temple

Skill      XL: |  1  2  3  4  5  6  7  8  9 |
---------------+----------------------------+-----
Short Blades   | 2 3 4 5 6 8 9 10 | 10.0
Hexes          | 4 6 7 9 |  9.2
Stealth        | 5 6 7 9 10 12 | 12.3
Dodging        | 6 |  6.7
Spellcasting   | |  2.6

Action                   |  1- 3 |  4- 6 |  7- 9 | 10-12 || total
-------------------------+-------+-------+-------+-------++-------
Melee: Dagger            |    84 |   111 |   330 |     3 ||   528
Throw: Dart              |       |       |     7 |       ||     7
 Cast: Corona            |     8 |       |       |       ||     8
       Ensorcelled Hiber |    10 |    34 |    75 |       ||   119
       Tukima's Dance    |       |     3 |     5 |       ||     8
       Confusing Touch   |       |     1 |    19 |       ||    20
  Use: Scroll            |       |     6 |     6 |       ||    12
       Potion            |       |     1 |     1 |       ||     2
 Stab: Sleeping          |    12 |    34 |    54 |     1 ||   101
       Distracted        |     1 |     2 |     2 |     1 ||     6
       Confused          |       |       |    15 |       ||    15
Armor: Robe              |     9 |     8 |     8 |       ||    25
       Skin              |       |     3 |       |       ||     3
Dodge: Dodged            |    77 |    68 |   195 |     4 ||   344
